 Dungeon Crawl Stone Soup version 0.14.1-10-gba40d31 (webtiles) character file.

87385 Heini the Shatterer (level 15, -15/146 HPs)
             Began as a Minotaur Fighter on May 27, 2014.
             Was the Champion of Okawaru.
             Killed from afar by Nikola (17 damage)
             ... with a bolt of lightning
             ... on Level 1 of the Spider Nest on May 28, 2014.
             The game lasted 02:06:50 (28519 turns).

Heini the Shatterer (Minotaur Fighter)             Turns: 28519, Time: 02:06:51

HP -15/146       AC 27     Str 28      XL: 15   Next: 36%
MP   8/8         EV  8     Int  5      God: Okawaru [******]
Gold 2615        SH  0     Dex  9      Spells:  0 memorised, 14 levels left

rFire  . . .     SeeInvis +     f - +6,+3 great mace (protect)
rCold  . . .     Clarity  .     c - +3 plate armour {rN+}
rNeg   + . .     Conserve .     (no shield)
rPois  +         rCorr    .     G - +0 hat
rElec  .         rRot     .     m - +0 cloak
SustAb . .       Spirit   .     t - +1 pair of gloves
rMut   .         Warding  .     J - -3 pair of boots of Impressiveness {+Blink}
Gourm  +         Stasis   .     g - amulet of the gourmand
MR     +....                    B - ring of see invisible
                                P - ring of poison resistance

@: somewhat resistant to hostile enchantments, extremely unstealthy
A: retaliatory headbutt, horns 2
a: Heroism, Finesse, Renounce Religion, Evoke Blink


You were on level 1 of the Spider Nest.
You worshipped Okawaru.
Okawaru was exalted by your worship.
You were full.

You visited 6 branches of the dungeon, and saw 26 of its levels.
You also visited: Sewer and Ossuary.

You collected 2938 gold pieces.
You spent 323 gold pieces at shops.

Inventory:

Hand weapons
 f - a +6,+3 great mace of protection (weapon)
Armour
 c - a +3 plate armour of positive energy (worn)
 m - a +0 cloak (worn)
 t - a +1 pair of gloves (worn)
 C - a +2 plate armour of fire resistance
 G - a +0 hat (worn)
 J - the cursed -3 pair of boots of Impressiveness (worn) {+Blink}
   (You bought it in a shop on level 4 of the Orcish Mines)

   It lets you blink.
   It has a curse placed upon it.
Magical devices
 a - a wand of slowing (12)
 o - a wand of teleportation (3)
 v - a wand of paralysis (18) {unknown}
 x - a wand of magic darts (13)
Comestibles
 i - a meat ration
 r - a pear
Scrolls
 b - a scroll of recharging
 d - a scroll of enchant weapon II
 k - 8 scrolls of teleportation
 n - 8 scrolls of remove curse
 q - 2 scrolls of identify
 s - 2 scrolls of blinking
 y - 3 scrolls of fog
 M - 2 scrolls of silence
 N - 5 scrolls of magic mapping
 U - a scroll of fear
Jewellery
 g - an amulet of the gourmand (around neck)
 l - an uncursed amulet of resist corrosion {unknown}
 B - a ring of see invisible (right hand)
 L - an uncursed ring of flight
 P - a ring of poison resistance (left hand)
Potions
 e - 2 potions of flight
 h - 6 potions of curing
 j - 2 potions of agility
 p - a potion of berserk rage
 u - 5 potions of heal wounds
 w - a potion of might
 A - a potion of haste
 S - 4 potions of restore abilities
Books
 z - a book of Fire

   Spells                             Type                      Level
   Fire Brand                         Charms/Fire                  2
   Ignite Poison                      Fire/Transmutation           5
   Fireball                           Conjuration/Fire             5
   Bolt of Fire                       Conjuration/Fire             6
   Delayed Fireball                   Conjuration/Fire             7
   Ring of Flames                     Charms/Fire                  7


   Skills:
 * Level 16.8 Fighting
 * Level 22.0 Maces & Flails
 * Level 14.0 Armour
   Level 3.6 Shields
 + Level 1.0 Evocations


You had 14 spell levels left.
You didn't know any spells.

Dungeon Overview and Level Annotations

Branches:
Dungeon (11/15)            Temple (1/1) D:4             Orc (4/4) D:11
    Elf (0/3) Orc:3          Lair (8/8) D:9          Shoals (1/5) Lair:5
 Spider (1/5) Lair:6        Slime (0/6) Lair:7

Altars:
Ashenzari
Cheibriados
Dithmenos
Elyvilon
Fedhas
Kikubaaqudgha
Makhleb
Nemelex Xobeh
Okawaru
Sif Muna
Trog
Vehumet
Xom
Yredelemnul
Zin
The Shining One
Beogh
Jiyva

Shops:
Orc:1 [   Orc:2 (   Orc:3 *[}   Orc:4 ![(?

Portals:
Hell: Lair:8

Annotations:
Lair:7 exclusion: 4 oklob plants
Spider:1 Nikola


Innate Abilities, Weirdness & Mutations

You reflexively headbutt those who attack you in melee.
You have a pair of horns on your head.


Message History

You sock Nikola!
Nikola is lightly wounded.
You sock Nikola!
Nikola is moderately wounded.
Nikola mumbles some strange words.
You hear a mighty clap of thunder!
The lightning arc hits you!
The lightning arc hits Nikola.
The lightning arc hits you!
* * * LOW HITPOINT WARNING * * *
The lightning arc grounds out.
Use which ability? (? or * to list)
Okay, then.
Use which ability? (? or * to list)
You blink.
You feel slightly less full. Nikola casts a spell at you.
The bolt of lightning hits you!
* * * LOW HITPOINT WARNING * * *
Nikola gestures at you while chanting. The bolt of lightning hits you!
You die...

##### ##...# # ### ##..#
####.## #####...#
##.....###.##...##
#..>...##......## ######
##....##.#...### ##....###
##.#........##### #.......##
##^..^.........#
#...#....######@.#..##.....#
##..##...##......#^........#
#.......#.......##.....####
#ยง..#....@...######.>..#
##.....#....## #####
#..#.....#..# .....#..#....#
...#....#...##
.@#####..#####


You could see Nikola.

Vanquished Creatures
  Saint Roka (Orc:4)
  2 orc warlords (Orc:3)
  5 hydras
  Fannar (Lair:6)
  Harold (Lair:1)
  6 death yaks (Lair:3)
  A hell beast (Lair:8)
  6 orb spiders (Spider:1)
  3 harpies (Lair:5)
  6 orc knights
  Joseph (D:7)
  A wizard (Lair:8)
  10 wolf spiders (Spider:1)
  2 griffons (Lair:6)
  3 orc sorcerers
  10 elephants
  Maurice (D:8)
  9 black mambas
  A queen ant (Lair:3)
  An item mimic (Lair:5)
  2 orange demons (Lair:8)
  Psyche (D:9)
  6 spiny frogs
  7 fire drakes
  A feature mimic (Orc:3)
  A hellwing (Lair:8)
  7 jumping spiders (Spider:1)
  7 trolls
  Grinder (D:3)
  4 demonic crawlers (Spider:1)
  6 wandering mushrooms (Lair:7)
  3 red devils (Lair:8)
  7 komodo dragons
  4 blue devils (Lair:8)
  A polar bear (Lair:4)
  7 blink frogs
  A spriggan (D:10)
  2 basilisks
  5 tarantellas (Spider:1)
  A trapdoor spider (Spider:1)
  6 redbacks
  3 sharks
  An elephant slug (Lair:8)
  9 hippogriffs
  4 wyverns
  Eustachio (D:7)
  A hill giant zombie (D:9)
  42 yaks
  2 hungry ghosts
  A steam dragon (D:10)
  10 wargs
  15 water moccasins
  20 soldier ants (Lair:3)
  6 wolves (Lair:2)
  39 orc warriors
  A hell hound (Lair:8)
  A necrophage (D:8)
  7 porcupines
  7 spiders (Spider:1)
  2 sky beasts
  A black bear (D:10)
  2 phantoms
  6 ogres
  2 giant goldfish
  3 ice beasts
  A boring beetle (Lair:4)
  A yellow wasp (D:5)
  Sigmund (D:3)
  Duvessa (D:4)
  2 big kobolds
  3 centaurs
  9 giant slugs
  13 crocodiles
  8 giant frogs
  3 scorpions
  A wyvern skeleton (D:10)
  4 wights (D:9)
  2 quasits (D:8)
  3 killer bees (D:8)
  A yak skeleton (D:8)
  Dowan (D:4)
  6 crimson imps
  7 electric eels
  A giant frog skeleton (D:7)
  14 hounds
  6 big fish
  48 orc priests
  A goliath beetle (D:6)
  3 jellies (D:10)
  39 orc wizards
  8 iguanas
  23 worker ants
  23 sheep
  7 orange rats (Lair:6)
  An ogre skeleton (D:4)
  A hound zombie (D:8)
  5 mummies
  9 gnolls
  41 green rats
  2 shadow imps
  30 adders
  An inept feature mimic (D:3)
  5 giant mites
  9 worms
  2 ufetubi (D:7)
  A white imp (D:7)
  3 adder zombies (Ossuary)
  An adder skeleton (D:8)
  2 giant eyeballs
  An iguana skeleton (D:7)
  14 giant geckos
  4 oozes
  246 orcs
  2 ball pythons
  9 giant cockroaches
  A gnoll zombie (Ossuary)
  25 goblins
  21 hobgoblins
  37 jackals
  8 quokkas
  A ball python skeleton (D:5)
  28 bats
  5 giant newts
  A goblin skeleton (D:5)
  5 goblin zombies
  2 hobgoblin zombies
  19 kobolds
  6 quokka zombies
  14 rats
  4 rat zombies (Ossuary)
  4 fungi
  A plant (Lair:2)
1148 creatures vanquished.

Vanquished Creatures (others)
  An orc wizard (Orc:4)
  An orc (Orc:4)
  9 fungi
  6 plants (Lair:8)
17 creatures vanquished.

Grand Total: 1165 creatures vanquished

Notes
Turn   | Place    | Note
--------------------------------------------------------------
     0 | D:1      | Heini, the Minotaur Fighter, began the quest for the Orb.
     0 | D:1      | Reached XP level 1. HP: 19/19 MP: 1/1
    43 | D:1      | Reached skill level 4 in Fighting
    56 | D:1      | Reached XP level 2. HP: 22/27 MP: 1/1
   509 | D:2      | Reached XP level 3. HP: 34/34 MP: 2/2
   885 | D:2      | Found a deep blue altar of Sif Muna.
   930 | D:2      | Reached XP level 4. HP: 41/41 MP: 2/2
  1148 | D:3      | Found a glowing silver altar of Zin.
  1200 | D:3      | Noticed Grinder
  1204 | D:3      | Reached skill level 5 in Fighting
  1206 | D:3      | Paralysed by Grinder for 6 turns
  1218 | D:3      | Killed Grinder
  1218 | D:3      | Reached skill level 5 in Armour
  1218 | D:3      | Reached XP level 5. HP: 9/50 MP: 2/2
  1218 | D:3      | Reached XP level 6. HP: 10/57 MP: 3/3
  1241 | D:3      | Found a glowing drain.
  1247 | Sewer    | Entered a sewer
  1517 | Sewer    | Reached skill level 6 in Armour
  1825 | Sewer    | Reached skill level 5 in Maces & Flails
  2128 | D:3      | Noticed Sigmund
  2136 | D:3      | Killed Sigmund
  2140 | D:3      | Reached XP level 7. HP: 51/63 MP: 3/3
  2416 | D:3      | Found a shimmering altar of Xom.
  2521 | D:3      | Reached skill level 7 in Armour
  2638 | D:4      | Noticed Dowan
  2643 | D:4      | Noticed Duvessa
  2933 | D:4      | Killed Duvessa
  2956 | D:4      | Killed Dowan
  3029 | D:4      | Paralysed by a giant eyeball for 3 turns
  3307 | D:4      | Found a staircase to the Ecumenical Temple.
  3345 | D:4      | Reached XP level 8. HP: 61/73 MP: 3/3
  3361 | Temple   | Entered the Ecumenical Temple
  3844 | D:5      | Entered Level 5 of the Dungeon
  4067 | D:5      | Reached skill level 8 in Armour
  4665 | D:6      | Found a sparkling altar of Nemelex Xobeh.
  4700 | D:6      | Found a glowing golden altar of the Shining One.
  4741 | D:6      | Found a sand-covered staircase.
  4751 | Ossuary  | Entered an ossuary
  5252 | D:6      | Found an iron altar of Okawaru.
  5279 | D:6      | Became a worshipper of Warmaster Okawaru
  5626 | D:7      | Reached skill level 9 in Maces & Flails
  5713 | D:7      | Reached XP level 9. HP: 78/82 MP: 4/4
  5799 | D:7      | Acquired Okawaru's first power
  5832 | D:7      | Noticed Joseph
  5855 | D:7      | Killed Joseph
  5855 | D:7      | Reached skill level 10 in Maces & Flails
  5905 | D:7      | Got an agate-encrusted ring mail
  5920 | D:7      | Identified the +7 ring mail of the Cricket {rF+ Acc+3} (You found it on level 7 of the Dungeon)
  6110 | D:7      | Found a burning altar of Makhleb.
  6110 | D:7      | Found a basalt altar of Yredelemnul.
  6127 | D:7      | Found a deep blue altar of Sif Muna.
  6142 | D:7      | Noticed Eustachio
  6189 | D:7      | Killed Eustachio
  6382 | D:8      | Noticed Maurice
  6458 | D:8      | Killed Maurice
  6458 | D:8      | Reached skill level 11 in Maces & Flails
  6747 | D:8      | Reached skill level 10 in Armour
  6997 | D:8      | Reached XP level 10. HP: 92/92 MP: 4/4
  7309 | D:9      | Reached skill level 10 in Fighting
  7321 | D:9      | Found a staircase to the Lair.
  7496 | D:9      | Noticed Psyche
  7503 | D:9      | Killed Psyche
  7503 | D:9      | Reached skill level 12 in Maces & Flails
  7946 | D:9      | Upgraded the game from 0.14.1-9-g552248a to 0.14.1-10-gba40d31
  7960 | D:10     | Entered Level 10 of the Dungeon
  8119 | D:9      | Reached skill level 13 in Maces & Flails
  8130 | Lair:1   | Entered Level 1 of the Lair of Beasts
  8188 | Lair:1   | Noticed Harold
  8206 | Lair:1   | Killed Harold
  8357 | Lair:1   | Reached XP level 11. HP: 102/102 MP: 4/4
  8383 | Lair:1   | Acquired Okawaru's second power
  8580 | Lair:1   | Reached skill level 14 in Maces & Flails
  9461 | Lair:2   | Received a gift from Okawaru
  9471 | Lair:2   | Found a labyrinth entrance.
 10004 | Lair:2   | Reached skill level 15 in Maces & Flails
 10663 | Lair:3   | Identified the Disquisition on Attacks and Weightlessness
 10836 | Lair:3   | Reached XP level 12. HP: 32/113 MP: 5/5
 10876 | Lair:3   | Noticed a death yak
 10876 | Lair:3   | Noticed a death yak
 10877 | Lair:3   | Noticed a death yak
 10877 | Lair:3   | Noticed a death yak
 10877 | Lair:3   | Noticed a death yak
 10877 | Lair:3   | Noticed a death yak
 10887 | Lair:3   | Killed a death yak
 10896 | Lair:3   | Reached skill level 16 in Maces & Flails
 10899 | Lair:3   | Killed a death yak
 10901 | Lair:3   | Killed a death yak
 10907 | Lair:3   | Killed a death yak
 10918 | Lair:3   | Killed a death yak
 10926 | Lair:3   | Killed a death yak
 10934 | Lair:3   | Received a gift from Okawaru
 10935 | Lair:3   | Got a bloodstained buckler {god gift}
 11396 | Lair:4   | Noticed a five-headed hydra
 11400 | Lair:4   | Killed a five-headed hydra
 11569 | Lair:4   | Reached skill level 17 in Maces & Flails
 12728 | Lair:5   | Found a staircase to the Shoals.
 12731 | Lair:5   | Identified a scroll of acquirement
 12732 | Lair:5   | Got a pair of warped boots
 12736 | Lair:5   | Identified the +2 pair of boots of the Hanged Man {rN+ Acc-1} (You acquired it on level 5 of the Lair of Beasts)
 12769 | Lair:5   | Received a gift from Okawaru
 13196 | Lair:6   | Noticed Fannar
 13213 | Lair:6   | Killed Fannar
 13237 | Lair:6   | Got a faintly glowing ring mail
 13249 | Lair:6   | Identified the +4 ring mail of Tartarus {Str+5} (You found it on level 6 of the Lair of Beasts)
 13273 | Lair:6   | Noticed a seven-headed hydra
 13281 | Lair:6   | Killed a seven-headed hydra
 13377 | Lair:6   | Reached XP level 13. HP: 108/124 MP: 5/5
 13571 | Lair:6   | Reached skill level 18 in Maces & Flails
 13722 | Lair:6   | Found a hole to the Spider Nest.
 13750 | Lair:6   | Noticed a four-headed hydra
 13757 | Lair:6   | Killed a four-headed hydra
 13779 | Lair:6   | Received a gift from Okawaru
 14943 | Lair:7   | Found a viscous altar of Jiyva.
 14944 | Lair:7   | Found a staircase to the Slime Pits.
 15630 | Lair:8   | Entered Level 8 of the Lair of Beasts
 15742 | Lair:8   | Reached skill level 1 in Evocations
 15779 | Lair:8   | Reached skill level 19 in Maces & Flails
 16429 | Lair:8   | Reached skill level 15 in Fighting
 16598 | Lair:8   | Found a burning altar of Makhleb.
 16643 | Lair:8   | Received a gift from Okawaru
 16662 | Lair:8   | Found a gateway to Hell.
 16679 | Lair:8   | Got a heavily runed hat
 16686 | Lair:8   | Identified the +2 hat of Gallantry {Str-1} (You found it on level 8 of the Lair of Beasts)
 17013 | Lair:8   | Reached XP level 14. HP: 121/135 MP: 7/7
 17872 | Shoals:1 | Entered Level 1 of the Shoals
 17892 | Lair:5   | Reached skill level 20 in Maces & Flails
 18830 | D:11     | Found a staircase to the Orcish Mines.
 18876 | Orc:1    | Entered Level 1 of the Orcish Mines
 18954 | Orc:1    | Paralysed by a giant eyeball for 4 turns
 19123 | Orc:1    | Found Psoha's Armour Boutique.
 19632 | Orc:3    | Found Leeteat's General Store.
 20111 | Orc:2    | Found Utuah's Weapon Emporium.
 20563 | Orc:3    | Found a staircase to the Elven Halls.
 20850 | Orc:3    | Noticed an orc warlord
 20871 | Orc:3    | Killed an orc warlord
 22237 | Orc:3    | Noticed an orc warlord
 22267 | Orc:3    | HP: 6/136 [sixfirhy[an orc sorcerer] (8)]
 22726 | Orc:3    | Received a gift from Okawaru
 22727 | Orc:3    | Got a twisted great mace {god gift}
 22750 | Orc:3    | Identified the +6,+7 great mace of Abuse {crush, Int+2} (Okawaru gifted it to you on level 3 of the Orcish Mines)
 23164 | Orc:3    | Killed an orc warlord
 23559 | Orc:3    | Reached skill level 21 in Maces & Flails
 23728 | Orc:3    | Identified the Compendium of Confrontation
 23826 | Orc:3    | Found Straninea's Gadget Shop.
 23845 | Orc:3    | Found Kibioh's Antique Armour Shoppe.
 23942 | Orc:4    | Entered Level 4 of the Orcish Mines
 24173 | Orc:4    | Found a roughly hewn altar of Beogh.
 24217 | Orc:4    | Found a roughly hewn altar of Beogh.
 24217 | Orc:4    | Found Baxzal's Distillery.
 24488 | Orc:4    | Found a roughly hewn altar of Beogh.
 24488 | Orc:4    | Found Ezaalis' Magic Scroll Shoppe.
 25262 | Orc:4    | Found a roughly hewn altar of Beogh.
 25451 | Orc:4    | Received a gift from Okawaru
 25475 | Orc:4    | Noticed Saint Roka
 25660 | Orc:4    | Killed Saint Roka
 25662 | Orc:4    | Received a gift from Okawaru
 25819 | Orc:4    | Found a roughly hewn altar of Beogh.
 25837 | Orc:4    | Found Unoutyno's Antique Weapon Shoppe.
 25839 | Orc:4    | Found Qieriakh's Antique Armour Emporium.
 25852 | Orc:4    | Bought a pair of warped boots for 323 gold pieces
 25858 | Orc:4    | Identified the cursed -3 pair of boots of Impressiveness {+Blink} (You bought it in a shop on level 4 of the Orcish Mines)
 26488 | Lair:6   | Reached XP level 15. HP: 142/145 MP: 8/8
 26797 | Spider:1 | Entered Level 1 of the Spider Nest
 27172 | Spider:1 | Received a gift from Okawaru
 28052 | Spider:1 | Reached skill level 22 in Maces & Flails
 28501 | Spider:1 | Noticed Nikola
 28518 | Spider:1 | HP: 2/146 [Nikola/bolt of lightning (39)]
 28519 | Spider:1 | Killed from afar by Nikola

Action                   |  1- 3 |  4- 6 |  7- 9 | 10-12 | 13-15 || total
-------------------------+-------+-------+-------+-------+-------++-------
Melee: Flail             |    82 |   123 |   563 |   407 |       ||  1175
       Great mace        |       |       |       |   474 |  1466 ||  1940
Invok: Heroism           |       |       |       |       |     3 ||     3
 Abil: Evoke Blink       |       |       |       |       |     1 ||     1
Evoke: Wand              |       |       |     1 |     1 |     7 ||     9
  Use: Scroll            |     1 |     9 |    15 |     9 |     9 ||    43
       Potion            |       |     3 |       |     5 |     8 ||    16
